 Dungeon Crawl Stone Soup version 0.22-a0-447-gee5f723 (webtiles) character file.

130 KristoblXynda the Conjurer (level 5, 0/31 HPs)
             Began as an Octopode Conjurer on June 3, 2018.
             Killed from afar by Natasha (10 damage)
             ... with a magic dart
             ... on level 3 of the Dungeon.
             The game lasted 00:04:56 (3039 turns).

KristoblXynda the Conjurer (Octopode Conjurer)      Turns: 3039, Time: 00:04:56

Health: 0/31       AC:  1    Str:  7      XL:     5   Next: 14%
Magic:  16/18      EV: 16    Int: 18      God:
Gold:   181        SH:  0    Dex: 12 (13) Spells: 6/10 levels left

rFire    . . .     SeeInvis .   (no weapon)
rCold    . . .     Gourm    .   (no shield)
rNeg     . . .     Faith    .   (helmet restricted)
rPois    .         Spirit   .   (no amulet)
rElec    .         Reflect  .   h - ring of magical power
rCorr    .         Harm     .   l - +3 ring of evasion
MR       .....                  (no ring)
Stlth    ++++......             (no ring)
HPRegen  0.10/turn              (no ring)
MPRegen  0.16/turn              (no ring)
                                (no ring)
                                (no ring)

@: slowed, very slow
A: almost no armour, stealthy swim, amphibious, 8 rings, constrict 8, camouflage
1, gelatinous body 1
a: no special abilities


You were on level 3 of the Dungeon.
You were not hungry.

You visited 1 branch of the dungeon, and saw 3 of its levels.

You collected 181 gold pieces.

Inventory:

Jewellery
 d - an uncursed amulet of harm {unknown}
 h - a ring of magical power (left tentacle)
 l - a +3 ring of evasion (right tentacle)
Wands
 j - a wand of paralysis (8)
Scrolls
 a - a scroll of teleportation
 c - a scroll of remove curse
 e - 2 scrolls of identify {unknown}
 o - a scroll of magic mapping {unknown}
Potions
 f - a potion of heal wounds {unknown}
 g - 3 potions of haste
 i - a potion of ambrosia {unknown}
 k - a potion of lignification {unknown}
 n - a potion of brilliance {unknown}
Comestibles
 b - 8 rations


   Skills:
 - Level 2.0 Dodging
 + Level 4.7 Stealth
 + Level 3.2 Spellcasting
 + Level 4.8 Conjurations


You had 6 spell levels left.
You knew the following spells:

 Your Spells              Type           Power        Failure   Level  Hunger
a - Magic Dart            Conj           ###.         2%          1    None
b - Dazzling Spray        Conj/Hex       ##....       19%         3    ###....

Your spell library contained the following spells:

 Spells                   Type           Power        Failure   Level  Hunger
 Iskenderun's Mystic Bla  Conj           ###.....     22%         4    ####...
 Fulminant Prism          Conj/Hex       ##........   52%         4    ####...
 Force Lance              Conj/Tloc      ##......     52%         4    ####...
 Searing Ray              Conj           ###...       3%          2    ##.....


Dungeon Overview and Level Annotations

Branches:
Dungeon (3/15)

Altars:
Okawaru

Annotations:
D:3 Natasha; Thaneod's ghost, amateur DEAE


Innate Abilities, Weirdness & Mutations

You cannot wear most types of armour.
You are very stealthy in the water. (Stealth+)
You are amphibious.
You can wear up to eight rings at the same time.
You can use your tentacles to constrict eight enemies at once.
Your skin changes colour to match your surroundings (Stealth+).
Your rubbery body absorbs attacks. (AC +1, EV +1)


Message History

Natasha is heavily wounded.
You constrict Natasha. The crimson imp hits you. Natasha claws you.
You tentacle-slap Natasha but do no damage.
Natasha is heavily wounded.
You constrict Natasha. The crimson imp completely misses you.
Natasha claws you.
You barely miss Natasha. You squeeze Natasha, but do no damage.
Natasha is severely wounded.
You constrict Natasha. Natasha claws you. The crimson imp barely misses you.
You barely miss Natasha.
Natasha is severely wounded.
You constrict Natasha. The crimson imp misses you.
Natasha stares at you and mumbles some strange words.
You feel yourself slow down.
You barely miss Natasha. You squeeze Natasha.
Natasha is almost dead.
You constrict Natasha. Natasha casts a spell at you. The magic dart hits you!
You die...

#.#. #.#.# #...# ...#
## #..# #####...# #
#..# #5h......
...###..###@#
#...)......#
#.###..##### #..#######
### #......... ...
#.######## ##.#
##.###.########### ...
..................#
.#########..#########.#


You could see Natasha and a crimson imp.

Vanquished Creatures
  A quasit (D:2)
  Ijyb (D:3)
  Robin (D:3)
  2 oozes
  2 dart slugs
  A worm (D:3)
  4 leopard geckos
  A ball python (D:1)
  13 goblins
  7 hobgoblins
  2 bats
  A frilled lizard (D:1)
  2 kobolds (D:1)
  8 rats
46 creatures vanquished.

Notes
Turn   | Place    | Note
-------+----------+-------------------------------------------
     0 | D:1      | KristoblXynda the Octopode Conjurer began the quest for the Orb.
     0 | D:1      | Reached XP level 1. HP: 11/11 MP: 3/3
    15 | D:1      | Reached XP level 2. HP: 5/17 MP: 0/5
   694 | D:1      | Reached XP level 3. HP: 2/21 MP: 0/6
  1341 | D:1      | Learned a level 3 spell: Dazzling Spray
  1765 | D:2      | Reached XP level 4. HP: 11/27 MP: 5/8
  2394 | D:3      | Noticed Thaneod's ghost (amateur DEAE)
  2418 | D:3      | Noticed Ijyb
  2442 | D:3      | Killed Ijyb
  2447 | D:3      | Noticed Robin
  2467 | D:3      | Reached XP level 5. HP: 11/31 MP: 0/9
  2688 | D:3      | Found an iron altar of Okawaru.
  2716 | D:3      | Killed Robin
  3029 | D:3      | Noticed Natasha
  3039 | D:3      | Killed from afar by Natasha

Vault maps used:
D:1:      onia_arrival_handbag
D:2:      grunt_ministairs_2
D:3:      okawaru_ov_weapons_minmay, marbit_many_paths, first_ration,
          minivault_23, uniq_ijyb, uniq_robin, uniq_natasha

Skill      XL: |  1  2  3  4 |
---------------+-------------+-----
Stealth        | 3 4 |  4.7
Spellcasting   | 3 |  3.2
Dodging        | |  2.0
Conjurations   | |  4.8

Action                   |  1- 3 |  4- 6 || total
-------------------------+-------+-------++-------
Melee: Unarmed           |    18 |    45 ||    63
       Tentacles         |     4 |    12 ||    16
       Constrict         |     3 |     7 ||    10
 Cast: Magic Dart        |    55 |    38 ||    93
       Dazzling Spray    |       |     5 ||     5
  Use: Scroll            |     1 |     1 ||     2
       Potion            |       |     3 ||     3
 Stab: Sleeping          |     1 |       ||     1
       Invisible         |       |     1 ||     1
  Eat: Chunk             |     2 |     5 ||     7
Armor: Skin              |     4 |     2 ||     6
Dodge: Dodged            |    19 |    47 ||    66

Table legend:
 A = Spawn XP
 B = Non-spawn XP
 C = Spawn XP percentage of total XP
 D = Spawn monster count
 E = Non-spawn monster count
 F = Spawn count percentage of total count
 G = Total turns spent on level
                    A         B        C        D         E        F      G
               +---------+---------+-------+---------+---------+-------+---------
         Total |       0 |     187 |   0.0 |       0 |      46 |   0.0 |  3039
               +---------+---------+-------+---------+---------+-------+---------
           D:1 |       0 |      45 |   0.0 |       0 |      22 |   0.0 |  1480
           D:2 |       0 |      69 |   0.0 |       0 |      11 |   0.0 |  1007
           D:3 |       0 |      73 |   0.0 |       0 |      13 |   0.0 |   552
               +---------+---------+-------+---------+---------+-------+---------
